 Dungeon Crawl Stone Soup version 0.26.1-11-gd32895ea62 (webtiles) character file.

Game seed: 3062994037213462115

254 Ekaitz the Firebug (level 6, -5/59 HPs)
             Began as an Ogre Fire Elementalist on July 8, 2021.
             Was an Initiate of Okawaru.
             Slain by a howler monkey (8 damage)
             ... on level 4 of the Dungeon.
             The game lasted 00:12:24 (4154 turns).

Ekaitz the Firebug (Ogre Fire Elementalist)         Turns: 4154, Time: 00:12:25

Health: -5/59      AC: -1    Str: 13    XL:     6   Next: 15%
Magic:  0/10       EV: 10    Int: 18    God:    Okawaru [......]
Gold:   230        SH:  0    Dex:  9    Spells: 0/11 levels left

rFire    . . .     SeeInvis .   u - +0 spear
rCold    . . .     Faith    .   (no shield)
rNeg     . . .     Spirit   +   w - +0 robe (curse)
rPois    .         Reflect  .   (helmet restricted)
rElec    .         Harm     .   k - scarf {+Inv}
rCorr    +         Rampage  .   (gloves unavailable)
Will     .....                  (boots unavailable)
Stlth    ++........             m - amulet of guardian spirit
HPRegen  0.19/turn              v - ring of resist corrosion
MPRegen  0.12/turn              y - -4 ring of protection (curse)

@: no status effects
A: large, unfitting armour, tough skin 1
a: Renounce Religion, Evoke Invisibility


You were on level 4 of the Dungeon.
You worshipped Okawaru.
Okawaru was noncommittal.
You visited 1 branch of the dungeon, and saw 4 of its levels.

You collected 230 gold pieces.

Inventory:

Hand Weapons
 a - a +2 mace of protection
 p - a +0 dagger of holy wrath
 q - a +0 dagger of speed
 t - a +0 dagger of venom
 u - a +0 spear (weapon)
Missiles
 c - 150 stones
 d - 35 poisoned darts
 i - 26 bolts
 l - 43 arrows
 s - 7 boomerangs
 x - 7 datura-tipped darts
Armour
 k - a scarf of invisibility (worn)
 w - a cursed +0 robe (worn)
Jewellery
 m - an amulet of guardian spirit (around neck)
 v - a ring of resist corrosion (left hand)
 y - a cursed -4 ring of protection (right hand)
Scrolls
 e - 5 scrolls of identify {unknown}
 f - 2 scrolls of enchant weapon {unknown}
 h - 6 scrolls of remove curse {unknown}
 j - 2 scrolls of fog {unknown}
 n - 2 scrolls of magic mapping {unknown}
Potions
 b - 2 potions of cancellation {unknown}
 g - 2 potions of curing {unknown}
 o - a potion of resistance {unknown}
 r - a potion of brilliance {unknown}
 z - a potion of berserk rage {unknown}
 A - a potion of attraction {unknown}


   Skills:
 * Level 2.4 Fighting
 + Level 0.2 Polearms
 + Level 2.0 Dodging
 + Level 1.6 Stealth
 + Level 3.3 Spellcasting
 + Level 1.7 Conjurations
 * Level 1.3 Hexes
 * Level 4.1 Fire Magic
 * Level 1.1 Invocations
 * Level 0.9 Evocations


You couldn't memorise any spells.
You knew the following spells:

 Your Spells              Type           Power        Failure   Level
a - Foxfire               Conj/Fire      52%          4%          1
b - Inner Flame           Hex/Fire       12%          16%         3
c - Conjure Flame         Conj/Fire      13%          14%         3
d - Sticky Flame          Conj/Fire      13%          43%         4

Your spell library contained the following spells:

 Spells                   Type           Power        Failure   Level
 Fireball                 Conj/Fire      6%           78%         5


Dungeon Overview and Level Annotations

Branches:
Dungeon (4/15)
 Temple: D:4-7

Altars:
Ashenzari
Elyvilon
Fedhas
Hepliaklqana
Okawaru
Trog
Yredelemnul


Innate Abilities, Weirdness & Mutations

You are too large for most types of armour.
You have tough skin. (AC +1)


Message History

* * * LOW HITPOINT WARNING * * *
Unknown command.
You barely miss the howler monkey.
The howler monkey is severely wounded.
The howler monkey hits you.
* * * LOW HITPOINT WARNING * * *
The howler monkey hits you.
* * * LOW HITPOINT WARNING * * *
Unknown command.
You hit the howler monkey.
The howler monkey is severely wounded.
The leopard gecko bites you.
* * * LOW HITPOINT WARNING * * *
The howler monkey misses you.
Unknown command.
The howler monkey hoots and howls with incredible vigour!
The phantom blinks!
The leopard gecko bites you.
* * * LOW HITPOINT WARNING * * *
The howler monkey hits you!
You die...

#####...#####.......
#...#.#.....######.. .
#...._......#....... ..
#...#.#.....#.......
...##...........#.......
..''.................†.
.##...........###.....
#...).......###+#..#
##.h@).......#.......
######..l##########......#
.........# #......#
.........# #..<...#
........§.. #......#
.........### #......#
...W..###. #####+## ......
.. ...... ..


You could see a phantom, a howler monkey (catching breath) and a leopard gecko.

Vanquished Creatures
  An ogre (D:4)
  Robin (D:2)
  6 adders
  5 worms
  3 leopard geckos
  11 orcs
  18 goblins
  8 hobgoblins
  2 jackals (D:3)
  A ball python (D:4)
  5 bats
  4 frilled lizards
  2 gnoll zombies (D:2)
  6 kobolds
  10 rats
83 creatures vanquished.

Vanquished Creatures (others)
  261 foxfires
261 creatures vanquished.

Grand Total: 344 creatures vanquished

Notes
Turn   | Place    | Note
-------+----------+-------------------------------------------
     0 | D:1      | Ekaitz the Ogre Fire Elementalist began the quest for the
                  | Orb.
     0 | D:1      | Reached XP level 1. HP: 16/16 MP: 3/3
   329 | D:1      | Reached skill level 1 in Conjurations
   407 | D:1      | Reached skill level 3 in Fire Magic
   407 | D:1      | Reached XP level 2. HP: 26/26 MP: 2/5
   939 | D:2      | Reached XP level 3. HP: 28/32 MP: 0/6
   943 | D:2      | Learned a level 3 spell: Inner Flame
   947 | D:2      | Learned a level 3 spell: Conjure Flame
  1087 | D:2      | Found a basalt altar of Yredelemnul.
  1223 | D:2      | Found a bloodstained altar of Trog.
  1407 | D:2      | Found a white marble altar of Elyvilon.
  1484 | D:2      | Found an iron altar of Okawaru.
  1497 | D:2      | Became a worshipper of Warmaster Okawaru
  1504 | D:2      | Reached skill level 1 in Fighting
  1544 | D:2      | Reached XP level 4. HP: 26/41 MP: 4/8
  1570 | D:2      | Noticed Robin
  1824 | D:2      | Found a broken altar of Ashenzari.
  2028 | D:2      | Killed Robin
  2727 | D:3      | Reached XP level 5. HP: 49/49 MP: 3/9
  3621 | D:3      | Found a blossoming altar of Fedhas.
  3935 | D:4      | Noticed a phantom
  3970 | D:3      | Reached skill level 1 in Hexes
  4104 | D:4      | Found a hazy altar of Hepliaklqana.
  4115 | D:4      | Noticed an ogre
  4121 | D:4      | Killed an ogre
  4122 | D:4      | Reached skill level 4 in Fire Magic
  4122 | D:4      | Reached skill level 1 in Invocations
  4122 | D:4      | Reached XP level 6. HP: 15/59 MP: 1/10
  4127 | D:4      | Learned a level 4 spell: Sticky Flame
  4154 | D:4      | Slain by a howler monkey

Illustrated notes

Levels and vault maps discovered:
D:1:      evilmike_arrival_rings, layout_rooms
D:2:      layout_loops_ring, lemuel_doored_altar,
          lemuel_zombie_altar_yredelemnul, evilmike_ruin_ashenzari, bloody_trog,
          elyvilon_altar_5, uniq_robin
D:3:      minmay_razor_zed, layout_basic, overflow_temple_1_default
D:4:      layout_basic, lemuel_crystal_altar, enter_ossuary_2

Skill      XL: |  1  2  3  4  5 |
---------------+----------------+-----
Conjurations   | 1 |  1.7
Fire Magic     | 3 4 |  4.1
Fighting       | 1 2 |  2.4
Dodging        | 2 |  2.0
Spellcasting   | 3 |  3.3
Hexes          | 1 |  1.3
Invocations    | 1 |  1.1
Polearms       | |  0.2
Stealth        | |  1.6
Evocations     | |  0.9

Action                   |  1- 3 |  4- 6 || total
-------------------------+-------+-------++-------
Melee: Dagger            |       |     6 ||     6
       Spear             |       |    38 ||    38
 Cast: Foxfire           |    58 |   100 ||   158
       Conjure Flame     |     1 |       ||     1
       Inner Flame       |       |     1 ||     1
 Stab: Sleeping          |       |     1 ||     1
Armor: Robe              |    10 |    17 ||    27
Dodge: Dodged            |    18 |    48 ||    66
